 Dungeon Crawl Stone Soup version 0.27.0-1-g7a089689b8 (webtiles) character file.

Game seed: 7075111287181434082

181 EnegeticOcto the Chopper (level 5, -7/47 HPs)
             Began as a Minotaur Fighter on Aug 8, 2021.
             Mangled by Sigmund (9 damage)
             ... on level 3 of the Dungeon.
             The game lasted 00:00:48 (2479 turns).

EnegeticOcto the Chopper (Minotaur Fighter)         Turns: 2479, Time: 00:00:48

Health: -7/47      AC:  8    Str: 21    XL:     5   Next: 34%
Magic:  4/4        EV:  7    Int:  5    God:
Gold:   138        SH:  9    Dex: 10    Spells: 4/4 levels left

rFire    . . .     SeeInvis .   a - +0 war axe
rCold    . . .     Faith    .   c - +0 kite shield
rNeg     . . .     Spirit   .   b - +0 scale mail
rPois    .         Reflect  .   (helmet restricted)
rElec    .         Harm     .   (no cloak)
rCorr    .         Rampage  .   e - +0 pair of gloves
Will     .....                  (no boots)
Stlth    ..........             (no amulet)
HPRegen  0.15/turn              (no ring)
MPRegen  0.09/turn              (no ring)

@: no status effects
A: horns 2, retaliatory headbutt
a: no special abilities


You were on level 3 of the Dungeon.
You visited 1 branch of the dungeon, and saw 3 of its levels.

You collected 138 gold pieces.

Inventory:

Hand Weapons
 a - a +0 war axe (weapon)
Armour
 b - a +0 scale mail (worn)
 c - a +0 kite shield (worn)
 e - a +0 pair of gloves (worn)
Jewellery
 h - a +4 ring of protection
Scrolls
 g - a scroll of noise {unknown}
 i - a scroll of silence {unknown}
Potions
 d - a potion of might {@q3}
 f - a potion of cancellation {unknown}


   Skills:
 + Level 4.5 Fighting
 * Level 4.7 Axes
 + Level 4.6 Armour
 + Level 4.6 Shields


You had 4 spell levels left.
You didn't know any spells.
Your spell library was empty.

Dungeon Overview and Level Annotations

Branches:
Dungeon (3/15)

Altars:

Annotations:
D:3 Sigmund; bidolon's ghost, amateur HOMo


Innate Abilities, Weirdness & Mutations

You have a pair of horns on your head.
You reflexively headbutt those who attack you in melee.


Message History

A worm is nearby!
You slash the worm!
The worm is heavily wounded.
You block the worm's attack.
You slash the worm!
You kill the worm!
No target in view!
No target in view!
No target in view!
No target in view!
No target in view!
No target in view!
No target in view!
No target in view!
You see here a worm corpse.
Found a stone staircase leading up.
A ball python comes into view.
A ball python is nearby!
A ball python is nearby!
You slash the ball python!
You kill the ball python!
No target in view!
No target in view!
No target in view!
No target in view!
No target in view!
No target in view!
No target in view!
No target in view!
You see here a ball python corpse.
An endoplasm comes into view.
The endoplasm quivers.
An endoplasm is nearby!
An endoplasm is nearby!
The endoplasm freezes you.
You are frozen.
You slash the endoplasm!
You kill the endoplasm!
No target in view!
No target in view!
No target in view!
No target in view!
No target in view!
No target in view!
Sigmund the Dreaded comes into view.
He is wielding a +0 scythe and wearing a +2 robe of cold resistance.
Sigmund shouts!
Sigmund is nearby!
Sigmund is nearby!
Sigmund says, "Look into my eyes."
Sigmund gestures wildly while chanting.
Sigmund flickers and vanishes!
Deactivating autopickup; reactivate with Ctrl-A.
No target in view!
No target in view!
No target in view!
No target in view!
No target in view!
No target in view!
No target in view!
No target in view!
No target in view!
No target in view!
No target in view!
No target in view!
No target in view!
No target in view!
No target in view!
No target in view!
No target in view!
You block something's attack.
You barely miss something. Something hits you.
You closely miss something. Your headbutt misses something.
Something hits you but does no damage. Something hits you!
You hit something but do no damage. You headbutt something.
Something hits you but does no damage.
You hit something but do no damage. You headbutt something.
You hear some strange, mumbled words.
Something tries to affect you, but you resist.
You hear some strange, mumbled words.
You are confused.
You miss something. Something hits you!
You're too confused to move!
Something hits you! Something hits you.
* * * LOW HITPOINT WARNING * * *
Something hits you but does no damage.
You bump into the rock wall.
You feel less confused.
You hear some strange, mumbled words.
Something tries to affect you, but you resist.
You barely miss something.
You hear some strange, mumbled words.
Something tries to affect you, but you resist.
You block something's attack.
You closely miss something. Your headbutt misses something. Something hits you.
* * * LOW HITPOINT WARNING * * *
You miss something. Something hits you!
* * * LOW HITPOINT WARNING * * *
You block something's attack.
You barely miss something. Something hits you!
You die...

### #.# #.###.### #..
... ...# #.# #.# #.# ###
#.# #.# #.# #.# #.#
###### #.# #.#
.....###.# #.########.#
...†.....####.$........#
#######.........@{.....#
##################


There were no monsters in sight!

Vanquished Creatures
  A phantom (D:3)
  An orc wizard (D:3)
  An adder (D:3)
  2 worms
  3 dart slugs
  3 orcs (D:3)
  2 endoplasms
  A giant cockroach (D:2)
  5 hobgoblins
  9 jackals
  4 quokkas
  5 ball pythons
  2 bats (D:1)
  3 frilled lizards
  8 goblins
  5 kobolds
  2 rats
57 creatures vanquished.

Vanquished Creatures (others)
  27 plants (D:2)
27 creatures vanquished.

Grand Total: 84 creatures vanquished

Notes
Turn   | Place    | Note
-------+----------+-------------------------------------------
     0 | D:1      | EnegeticOcto the Minotaur Fighter began the quest for the
                  | Orb.
     0 | D:1      | Reached XP level 1. HP: 19/19 MP: 0/0
   146 | D:1      | Found a faded altar of an unknown god.
   185 | D:1      | Reached XP level 2. HP: 25/27 MP: 1/1
   705 | D:2      | Reached XP level 3. HP: 32/33 MP: 2/2
  1685 | D:3      | Noticed bidolon's ghost (amateur HOMo)
  1686 | D:3      | Noticed a phantom
  1701 | D:3      | Killed a phantom
  1702 | D:3      | Reached XP level 4. HP: 10/41 MP: 3/3
  2055 | D:3      | Reached XP level 5. HP: 46/47 MP: 4/4
  2463 | D:3      | Noticed Sigmund
  2478 | D:3      | HP: 1/47 [something (11)]
  2479 | D:3      | Mangled by Sigmund

Illustrated notes

Levels and vault maps discovered:
D:1:      moated_graveyard_arrival, layout_loops_ring,
          ebering_ecumenical_altar_ruins
D:2:      layout_basic, minmay_misc_feat_alley, serial_bayou_lagoon_a,
          minmay_parallelograms
D:3:      layout_loops_ring, gammafunk_ghost_split, st_stairs_13, uniq_sigmund

Skill      XL: |  1  2  3 |
---------------+----------+-----
Axes           | 3 4 |  4.7
Shields        | 4 |  4.6
Armour         | 4 |  4.6
Fighting       | 4 |  4.5

Action                   |  1- 3 |  4- 6 || total
-------------------------+-------+-------++-------
Melee: War axe           |   128 |    44 ||   172
       Headbutt          |    20 |     7 ||    27
Armor: Scale mail        |    56 |    19 ||    75
Dodge: Dodged            |    47 |     3 ||    50
Block: Kite shield       |    69 |    16 ||    85
